[ PARTIDA AOE2 · #476568179 ]
UnrankedMongoles vs Turks
[ ANÁLISIS DE REPETICIÓN · EXTRAÍDO DE LA PARTIDA GRABADA ]
Feudal
12:13
Castillos
16:08
Imperial
42:55
| APM promedio | 21.5 |
| APM pico | 93 |
| eAPM promedio | 10.6 |
| Aldeanos / militares | 148 / 114 |
Foco
⚔️ 25.0% · 🌾 75.0%
Camel Scout ×34 · Cavalry Archer ×24 · Steppe Lancer ×22 · Knight ×17 · Scout Cavalry ×15 · Monk ×2
Feudal
10:37
Castillos
14:40
Imperial
—
| APM promedio | 43.0 |
| APM pico | 80 |
| eAPM promedio | 16.1 |
| Aldeanos / militares | 119 / 41 |
Foco
⚔️ 25.6% · 🌾 74.4%
Janissary ×16 · Camel Scout ×15 · Scout Cavalry ×8 · Mangonel ×1 · Battering Ram ×1
Feudal
11:02
Castillos
16:22
Imperial
37:56
| APM promedio | 32.9 |
| APM pico | 80 |
| eAPM promedio | 17.4 |
| Aldeanos / militares | 129 / 88 |
Foco
⚔️ 19.1% · 🌾 80.9%
Archer ×54 · Spearman ×13 · Monk ×9 · Trade Cart ×6 · Mangonel ×4 · Battering Ram ×3
Feudal
13:35
Castillos
16:33
Imperial
—
| APM promedio | 25.1 |
| APM pico | 73 |
| eAPM promedio | 18.9 |
| Aldeanos / militares | 107 / 28 |
Foco
⚔️ 6.6% · 🌾 93.4%
Ballista Elephant ×18 · Battle Elephant ×10 · Trade Cart ×4
Feudal
11:17
Castillos
15:44
Imperial
39:16
| APM promedio | 21.5 |
| APM pico | 69 |
| eAPM promedio | 14.1 |
| Aldeanos / militares | 156 / 102 |
Foco
⚔️ 27.1% · 🌾 72.9%
Knight ×99 · Trade Cart ×12 · Trebuchet (Packed) ×3
Feudal
12:57
Castillos
27:13
Imperial
43:02
| APM promedio | 14.7 |
| APM pico | 41 |
| eAPM promedio | 10.8 |
| Aldeanos / militares | 67 / 112 |
Foco
⚔️ 29.5% · 🌾 70.5%
Spearman ×50 · Skirmisher ×23 · Militia ×20 · Scout Cavalry ×7 · Trade Cart ×5 · Knight ×4
Mapa de la partida
Recursos iniciales + cada clic de construcción. Líneas = muros · curvas = relieve. ◆ oro · ⬟ piedra · ● bayas · ✦ reliquia · ◌ hueco del cierre
Tu base· ✓ Cerrada en 16:08 · 0t muro · 2 puerta(s)
Base de Gushy· ✓ Cerrada en 14:40 · 0t muro · 2 puerta(s)
Base de spectro· ✓ Cerrada en 16:22 · 0t muro · 3 puerta(s)
Base de M.S.· ✓ Cerrada en 16:33 · 0t muro · 4 puerta(s)
Base de [ECU] fUnebrero92· ✓ Cerrada en 15:44 · 0t muro · 2 puerta(s)
Base de simirfan· ✓ Cerrada en 27:13 · 75t muro · 5 puerta(s)
Terreno inicial suavizado · ◌ = hueco del cierre detectado · pasá el cursor para detalles
Inputs por minuto
— Geosim - - Gushy
Build order — Geosim
Primeras 150 de 240 acciones detectadas
| 0:01 | Crear | Villager (Male) ×4 |
| 0:04 | Construir | House |
| 0:06 | Construir | House |
| 1:32 | Crear | Villager (Male) |
| 1:55 | Crear | Villager (Male) |
| 2:16 | Crear | Villager (Male) |
| 2:54 | Crear | Villager (Male) |
| 3:02 | Construir | House |
| 3:05 | Construir | Lumber Camp |
| 3:17 | Crear | Villager (Male) |
| 3:36 | Crear | Villager (Male) |
| 4:11 | Crear | Villager (Male) ×4 |
| 5:07 | Construir | Mill |
| 5:11 | Construir | House |
| 5:29 | Crear | Villager (Male) |
| 6:08 | Crear | Villager (Male) |
| 6:08 | Crear | Villager (Male) |
| 6:08 | Crear | Villager (Male) |
| 7:13 | Crear | Villager (Male) |
| 7:18 | Construir | House |
| 7:53 | Crear | Villager (Male) |
| 8:03 | Construir | House |
| 8:10 | Crear | Villager (Male) |
| 8:10 | Crear | Villager (Male) |
| 8:28 | Construir | Mining Camp |
| 8:51 | Crear | Villager (Male) |
| 9:16 | Crear | Villager (Male) |
| 9:20 | Construir | Farm |
| 9:20 | Construir | Farm |
| 9:21 | Construir | Farm |
| 9:30 | Construir | Farm |
| 9:30 | Construir | Farm |
| 9:34 | Investigar | Feudal Age |
| 9:40 | Construir | Farm |
| 10:10 | Construir | Farm |
| 10:27 | Crear | Villager (Male) |
| 10:28 | Crear | Villager (Male) |
| 10:50 | Construir | Farm |
| 12:13 | Edad | Edad Feudal |
| 12:14 | Investigar | Double-Bit Axe |
| 12:17 | Construir | Market |
| 12:25 | Construir | Blacksmith |
| 12:41 | Crear | Villager (Male) |
| 13:10 | Investigar | Horse Collar |
| 13:19 | Construir | Barracks |
| 13:23 | Investigar | Castle Age |
| 13:54 | Construir | House |
| 13:58 | Investigar | Gold Mining |
| 14:23 | Construir | Stable |
| 14:40 | Investigar | Wheelbarrow |
| 14:45 | Crear | Villager (Male) |
| 15:05 | Investigar | Forging |
| 15:19 | Construir | Stable |
| 15:22 | Construir | House |
| 15:23 | Construir | House |
| 16:08 | Construir | Farm |
| 16:08 | Construir | Farm |
| 16:08 | Edad | Edad de los Castillos |
| 16:09 | Construir | Farm |
| 16:10 | Construir | Farm |
| 16:15 | Construir | Farm |
| 16:23 | Crear | Steppe Lancer ×4 |
| 16:47 | Investigar | Bow Saw |
| 17:10 | Crear | Villager (Male) |
| 17:45 | Construir | Town Center |
| 18:07 | Crear | Villager (Male) |
| 18:28 | Crear | Villager (Male) ×5 |
| 18:53 | Investigar | Bloodlines |
| 18:56 | Construir | Farm |
| 19:06 | Investigar | Heavy Plow |
| 19:14 | Construir | Farm |
| 19:26 | Crear | Villager (Male) ×2 |
| 20:15 | Crear | Villager (Male) |
| 20:15 | Crear | Villager (Male) |
| 20:18 | Construir | Farm |
| 20:20 | Construir | Farm |
| 20:24 | Crear | Knight |
| 20:30 | Crear | Knight ×2 |
| 20:51 | Crear | Villager (Male) |
| 20:52 | Crear | Villager (Male) |
| 20:56 | Construir | Farm |
| 21:07 | Investigar | Husbandry |
| 21:23 | Crear | Knight |
| 21:23 | Crear | Knight |
| 21:26 | Construir | House |
| 21:27 | Construir | House |
| 21:28 | Construir | House |
| 21:28 | Construir | House |
| 21:49 | Crear | Villager (Male) |
| 21:51 | Crear | Villager (Male) |
| 21:54 | Crear | Knight |
| 22:00 | Crear | Knight |
| 22:01 | Crear | Knight |
| 22:07 | Construir | Town Center |
| 22:40 | Construir | Farm |
| 22:42 | Investigar | Scale Barding Armor |
| 22:46 | Investigar | Loom |
| 22:46 | Crear | Villager (Male) ×3 |
| 23:35 | Construir | Farm |
| 23:37 | Crear | Villager (Male) |
| 23:39 | Crear | Villager (Male) ×5 |
| 23:43 | Investigar | Stone Mining |
| 24:28 | Investigar | Hand Cart |
| 24:33 | Construir | Farm |
| 25:11 | Crear | Villager (Male) ×5 |
| 25:33 | Construir | House |
| 25:45 | Crear | Steppe Lancer ×4 |
| 25:45 | Crear | Steppe Lancer ×4 |
| 26:11 | Construir | Farm |
| 26:13 | Crear | Villager (Male) |
| 26:21 | Construir | Town Center |
| 26:32 | Construir | Stable |
| 26:33 | Construir | Stable |
| 26:34 | Construir | Stable |
| 26:35 | Construir | Stable |
| 26:46 | Crear | Steppe Lancer ×5 |
| 26:47 | Crear | Steppe Lancer ×5 |
| 27:04 | Crear | Villager (Male) ×5 |
| 27:05 | Crear | Villager (Male) |
| 27:05 | Crear | Villager (Male) |
| 27:08 | Construir | Lumber Camp |
| 27:48 | Crear | Knight ×2 |
| 27:49 | Crear | Knight ×2 |
| 28:23 | Investigar | Iron Casting |
| 28:36 | Crear | Knight ×2 |
| 28:45 | Crear | Knight ×3 |
| 28:48 | Crear | Villager (Male) ×5 |
| 29:31 | Construir | House |
| 29:32 | Construir | House |
| 29:32 | Construir | House |
| 29:32 | Construir | House |
| 29:32 | Construir | House |
| 29:35 | Crear | Villager (Male) ×5 |
| 29:43 | Construir | Monastery |
| 29:48 | Construir | Archery Range |
| 29:49 | Construir | Archery Range |
| 29:50 | Construir | Archery Range |
| 29:51 | Construir | Archery Range |
| 29:52 | Construir | Archery Range |
| 29:53 | Construir | Archery Range |
| 29:58 | Crear | Villager (Male) ×5 |
| 29:59 | Crear | Villager (Male) |
| 30:26 | Construir | Farm |
| 30:37 | Crear | Monk |
| 30:51 | Investigar | Gold Shaft Mining |
| 31:01 | Construir | Farm |
| 31:08 | Crear | Villager (Male) ×5 |
| 31:09 | Crear | Monk |
| 31:24 | Construir | Farm |
| 31:31 | Construir | Town Center |
Build order — Gushy
Primeras 150 de 257 acciones detectadas
| 0:02 | Crear | Villager (Male) |
| 0:02 | Crear | Villager (Male) |
| 0:03 | Crear | Villager (Male) |
| 0:03 | Crear | Villager (Male) |
| 0:03 | Crear | Villager (Male) |
| 0:06 | Construir | House |
| 0:08 | Construir | House |
| 1:30 | Crear | Villager (Male) |
| 1:30 | Crear | Villager (Male) |
| 1:49 | Construir | Lumber Camp |
| 2:05 | Crear | Villager (Male) |
| 2:05 | Crear | Villager (Male) |
| 2:21 | Crear | Villager (Male) |
| 2:21 | Crear | Villager (Male) |
| 2:21 | Crear | Villager (Male) |
| 2:59 | Crear | Villager (Male) |
| 2:59 | Crear | Villager (Male) |
| 3:05 | Construir | House |
| 3:14 | Crear | Villager (Male) |
| 3:14 | Crear | Villager (Male) |
| 3:57 | Construir | Mill |
| 3:59 | Crear | Villager (Male) |
| 3:59 | Crear | Villager (Male) |
| 4:21 | Crear | Villager (Male) |
| 4:21 | Crear | Villager (Male) |
| 4:41 | Crear | Villager (Male) |
| 5:11 | Crear | Villager (Male) |
| 5:33 | Crear | Villager (Male) |
| 5:50 | Crear | Villager (Male) |
| 6:01 | Crear | Villager (Male) |
| 6:22 | Crear | Villager (Male) |
| 6:30 | Construir | House |
| 7:28 | Crear | Villager (Male) |
| 7:49 | Crear | Villager (Male) |
| 7:57 | Construir | Mining Camp |
| 8:27 | Investigar | Feudal Age |
| 10:02 | Construir | House |
| 10:37 | Edad | Edad Feudal |
| 10:40 | Construir | Market |
| 10:42 | Construir | Blacksmith |
| 10:53 | Construir | Mining Camp |
| 12:00 | Investigar | Castle Age |
| 12:00 | Investigar | Castle Age |
| 12:15 | Construir | Farm |
| 12:15 | Construir | Farm |
| 12:49 | Investigar | Horse Collar |
| 13:11 | Construir | Farm |
| 13:13 | Construir | Farm |
| 14:09 | Investigar | Loom |
| 14:13 | Investigar | Double-Bit Axe |
| 14:40 | Edad | Edad de los Castillos |
| 15:18 | Crear | Villager (Male) |
| 16:36 | Crear | Villager (Male) |
| 17:03 | Crear | Villager (Male) |
| 17:04 | Crear | Villager (Male) |
| 17:38 | Construir | Palisade Wall |
| 17:39 | Construir | Palisade Wall |
| 17:40 | Construir | Palisade Wall |
| 17:42 | Construir | Palisade Wall |
| 18:06 | Construir | Castle |
| 18:11 | Construir | Palisade Wall |
| 18:13 | Construir | Palisade Wall |
| 18:14 | Construir | Palisade Wall |
| 18:32 | Crear | Villager (Male) |
| 18:58 | Crear | Villager (Male) |
| 19:36 | Construir | Castle |
| 19:44 | Construir | Palisade Wall |
| 19:47 | Construir | Palisade Wall |
| 19:49 | Construir | Palisade Wall |
| 20:03 | Construir | Palisade Wall |
| 20:24 | Construir | Castle |
| 20:26 | Crear | Villager (Male) |
| 20:45 | Crear | Villager (Male) |
| 20:51 | Construir | Town Center |
| 21:00 | Construir | House |
| 21:02 | Construir | House |
| 21:05 | Construir | House |
| 21:06 | Construir | House |
| 21:10 | Crear | Villager (Male) |
| 21:39 | Construir | House |
| 21:51 | Construir | House |
| 21:52 | Construir | House |
| 21:55 | Construir | Palisade Wall |
| 22:10 | Crear | Villager (Male) |
| 22:18 | Construir | House |
| 22:20 | Construir | Palisade Wall |
| 22:25 | Crear | Janissary |
| 22:25 | Crear | Janissary |
| 22:25 | Crear | Janissary |
| 22:42 | Construir | Farm |
| 22:44 | Construir | Farm |
| 22:45 | Construir | Farm |
| 23:07 | Crear | Janissary |
| 23:11 | Crear | Villager (Male) |
| 23:53 | Crear | Janissary |
| 24:18 | Construir | House |
| 24:20 | Construir | House |
| 24:23 | Construir | Palisade Wall |
| 24:49 | Crear | Janissary |
| 24:49 | Crear | Janissary |
| 24:52 | Crear | Villager (Male) |
| 24:58 | Construir | Farm |
| 25:00 | Construir | Farm |
| 25:01 | Construir | Farm |
| 25:23 | Construir | Farm |
| 25:25 | Construir | Farm |
| 25:26 | Construir | Farm |
| 25:28 | Crear | Villager (Male) |
| 25:29 | Crear | Villager (Male) |
| 25:44 | Crear | Villager (Male) |
| 26:17 | Crear | Villager (Male) |
| 26:30 | Crear | Villager (Male) |
| 27:10 | Crear | Villager (Male) |
| 27:16 | Construir | Farm |
| 27:17 | Construir | Farm |
| 27:18 | Crear | Villager (Male) |
| 27:19 | Crear | Villager (Male) |
| 27:23 | Crear | Villager (Male) |
| 27:41 | Construir | Farm |
| 27:42 | Crear | Villager (Male) |
| 27:45 | Crear | Villager (Male) |
| 28:03 | Construir | Farm |
| 28:05 | Crear | Villager (Male) |
| 28:06 | Crear | Villager (Male) |
| 28:26 | Crear | Villager (Male) |
| 28:37 | Crear | Villager (Male) |
| 28:56 | Construir | Farm |
| 28:57 | Crear | Villager (Male) |
| 29:03 | Crear | Villager (Male) |
| 29:15 | Construir | Siege Workshop |
| 29:20 | Crear | Villager (Male) |
| 29:24 | Crear | Villager (Male) |
| 29:28 | Crear | Villager (Male) |
| 29:43 | Construir | Farm |
| 29:45 | Crear | Villager (Male) |
| 30:01 | Crear | Villager (Male) |
| 30:03 | Crear | Villager (Male) |
| 30:09 | Construir | Farm |
| 30:34 | Construir | Town Center |
| 30:35 | Crear | Villager (Male) |
| 30:39 | Construir | Farm |
| 30:43 | Crear | Villager (Male) |
| 30:45 | Crear | Villager (Male) |
| 30:45 | Crear | Villager (Male) |
| 30:55 | Crear | Battering Ram |
| 31:01 | Crear | Villager (Male) |
| 31:10 | Construir | Farm |
| 31:11 | Crear | Villager (Male) |
| 31:22 | Investigar | Caravan |
| 31:25 | Crear | Villager (Male) |
Build order — spectro
Primeras 150 de 297 acciones detectadas
| 0:03 | Construir | House |
| 0:04 | Construir | House |
| 0:05 | Crear | Villager (Male) ×4 |
| 1:31 | Crear | Villager (Male) |
| 2:17 | Crear | Villager (Male) |
| 2:17 | Crear | Villager (Male) |
| 2:37 | Crear | Villager (Male) |
| 2:38 | Crear | Villager (Male) |
| 2:59 | Crear | Villager (Male) |
| 3:00 | Crear | Villager (Male) |
| 3:06 | Construir | House |
| 3:09 | Construir | House |
| 4:16 | Crear | Villager (Male) |
| 4:16 | Crear | Villager (Male) |
| 4:16 | Crear | Villager (Male) |
| 4:17 | Crear | Villager (Male) |
| 4:17 | Crear | Villager (Male) |
| 4:39 | Crear | Villager (Male) |
| 5:19 | Construir | Lumber Camp |
| 6:47 | Crear | Villager (Male) |
| 6:47 | Crear | Villager (Male) |
| 6:47 | Crear | Villager (Male) |
| 6:48 | Crear | Villager (Male) |
| 7:18 | Construir | Mill |
| 8:09 | Crear | Villager (Male) |
| 8:29 | Investigar | Feudal Age |
| 9:03 | Crear | Villager (Male) |
| 9:03 | Crear | Villager (Male) |
| 9:08 | Construir | Farm |
| 9:09 | Construir | Farm |
| 9:11 | Construir | Farm |
| 9:28 | Construir | Mining Camp |
| 9:36 | Construir | House |
| 9:38 | Construir | House |
| 10:49 | Construir | Barracks |
| 11:02 | Edad | Edad Feudal |
| 11:05 | Investigar | Double-Bit Axe |
| 11:12 | Construir | Farm |
| 11:20 | Construir | Farm |
| 11:35 | Crear | Villager (Male) |
| 11:36 | Crear | Villager (Male) |
| 11:50 | Construir | Archery Range |
| 12:16 | Construir | Blacksmith |
| 12:23 | Construir | Farm |
| 12:28 | Investigar | Loom |
| 12:37 | Construir | Farm |
| 12:47 | Construir | Farm |
| 13:17 | Crear | Villager (Male) |
| 13:32 | Investigar | Castle Age |
| 13:51 | Crear | Archer |
| 13:52 | Crear | Archer |
| 14:29 | Crear | Archer |
| 14:33 | Crear | Archer |
| 14:53 | Crear | Villager (Male) |
| 14:54 | Crear | Villager (Male) |
| 15:18 | Construir | Archery Range |
| 16:10 | Construir | House |
| 16:12 | Construir | House |
| 16:22 | Edad | Edad de los Castillos |
| 16:44 | Construir | Town Center |
| 16:47 | Construir | Town Center |
| 17:11 | Crear | Villager (Male) |
| 17:11 | Crear | Villager (Male) |
| 17:13 | Investigar | Wheelbarrow |
| 17:14 | Crear | Villager (Male) |
| 17:15 | Crear | Villager (Male) |
| 17:28 | Construir | Mining Camp |
| 17:52 | Crear | Villager (Male) ×5 |
| 18:06 | Construir | House |
| 18:07 | Construir | House |
| 18:09 | Construir | House |
| 18:11 | Construir | House |
| 18:23 | Construir | Farm |
| 18:25 | Crear | Villager (Male) ×5 |
| 18:29 | Crear | Villager (Male) |
| 18:30 | Crear | Villager (Male) |
| 18:40 | Investigar | Crossbowman (upgrade) |
| 19:07 | Investigar | Town Watch |
| 19:16 | Construir | Farm |
| 19:16 | Construir | Farm |
| 19:17 | Construir | Farm |
| 19:17 | Construir | Farm |
| 19:17 | Construir | Farm |
| 19:23 | Construir | Farm |
| 19:23 | Construir | Farm |
| 20:05 | Crear | Villager (Male) |
| 20:10 | Crear | Villager (Male) |
| 20:11 | Crear | Villager (Male) |
| 20:11 | Crear | Villager (Male) |
| 20:11 | Crear | Villager (Male) |
| 20:12 | Crear | Villager (Male) |
| 20:27 | Construir | Siege Workshop |
| 20:39 | Construir | Outpost |
| 20:42 | Crear | Villager (Male) |
| 20:42 | Crear | Villager (Male) |
| 20:44 | Crear | Villager (Male) |
| 20:44 | Crear | Villager (Male) |
| 21:04 | Crear | Mangonel |
| 21:04 | Crear | Mangonel |
| 21:16 | Crear | Villager (Male) |
| 21:35 | Crear | Mangonel |
| 21:40 | Crear | Villager (Male) |
| 21:40 | Crear | Villager (Male) |
| 21:51 | Crear | Villager (Male) |
| 21:51 | Crear | Villager (Male) |
| 22:11 | Construir | Monastery |
| 22:42 | Crear | Monk |
| 22:45 | Crear | Villager (Male) |
| 22:45 | Crear | Villager (Male) |
| 22:46 | Crear | Villager (Male) |
| 23:18 | Construir | Palisade Gate |
| 23:37 | Crear | Villager (Male) |
| 23:37 | Crear | Villager (Male) |
| 24:08 | Crear | Monk |
| 24:17 | Construir | Farm |
| 24:26 | Construir | Palisade Wall |
| 24:43 | Crear | Villager (Male) |
| 24:43 | Crear | Villager (Male) |
| 24:46 | Crear | Villager (Male) |
| 24:52 | Crear | Monk |
| 25:06 | Crear | Villager (Male) |
| 25:06 | Crear | Villager (Male) |
| 25:12 | Crear | Villager (Male) |
| 25:13 | Crear | Monk |
| 25:13 | Crear | Monk |
| 25:19 | Construir | Monastery |
| 25:31 | Construir | Town Center |
| 25:33 | Crear | Monk |
| 25:36 | Crear | Mangonel |
| 25:45 | Crear | Monk |
| 26:04 | Crear | Villager (Male) |
| 26:04 | Crear | Villager (Male) |
| 26:05 | Crear | Villager (Male) |
| 26:05 | Crear | Villager (Male) |
| 26:18 | Crear | Spearman |
| 26:18 | Crear | Spearman |
| 27:34 | Crear | Villager (Male) |
| 27:34 | Crear | Villager (Male) |
| 27:34 | Crear | Villager (Male) |
| 27:59 | Crear | Spearman |
| 27:59 | Crear | Spearman |
| 28:04 | Crear | Battering Ram |
| 28:12 | Construir | House |
| 28:14 | Construir | Palisade Wall |
| 28:22 | Construir | House |
| 28:23 | Construir | House |
| 28:23 | Construir | House |
| 28:26 | Crear | Villager (Male) |
| 28:26 | Crear | Villager (Male) |
| 28:33 | Crear | Battering Ram |
Build order — M.S.
Primeras 150 de 203 acciones detectadas
| 0:01 | Crear | Villager (Male) ×4 |
| 0:01 | Crear | Villager (Male) |
| 0:01 | Crear | Villager (Male) |
| 0:01 | Crear | Villager (Male) |
| 0:01 | Crear | Villager (Male) |
| 0:01 | Crear | Villager (Male) |
| 0:01 | Crear | Villager (Male) |
| 0:01 | Crear | Villager (Male) |
| 0:01 | Crear | Villager (Male) |
| 0:01 | Crear | Villager (Male) |
| 0:01 | Crear | Villager (Male) |
| 0:01 | Crear | Villager (Male) |
| 0:01 | Crear | Villager (Male) |
| 0:01 | Crear | Villager (Male) |
| 0:01 | Crear | Villager (Male) |
| 0:01 | Crear | Villager (Male) |
| 0:01 | Crear | Villager (Male) |
| 0:01 | Crear | Villager (Male) |
| 0:01 | Crear | Villager (Male) |
| 0:01 | Crear | Villager (Male) |
| 0:01 | Crear | Villager (Male) |
| 0:01 | Crear | Villager (Male) |
| 0:01 | Crear | Villager (Male) |
| 0:01 | Crear | Villager (Male) |
| 0:01 | Crear | Villager (Male) |
| 0:03 | Construir | House |
| 1:33 | Crear | Villager (Male) |
| 1:45 | Construir | House |
| 1:46 | Construir | House |
| 1:47 | Construir | House |
| 2:07 | Investigar | Loom |
| 2:35 | Crear | Villager (Male) |
| 2:36 | Crear | Villager (Male) |
| 2:36 | Crear | Villager (Male) |
| 2:40 | Construir | House |
| 3:13 | Crear | Villager (Male) |
| 3:39 | Construir | Mining Camp |
| 3:42 | Crear | Villager (Male) |
| 4:13 | Crear | Villager (Male) |
| 4:13 | Crear | Villager (Male) |
| 4:55 | Crear | Villager (Male) |
| 4:55 | Crear | Villager (Male) |
| 5:03 | Crear | Villager (Male) |
| 5:03 | Crear | Villager (Male) |
| 5:35 | Construir | Mill |
| 5:44 | Crear | Villager (Male) |
| 6:25 | Crear | Villager (Male) |
| 6:25 | Crear | Villager (Male) |
| 6:42 | Crear | Villager (Male) |
| 6:42 | Crear | Villager (Male) |
| 7:19 | Crear | Villager (Male) |
| 7:33 | Crear | Villager (Male) |
| 7:33 | Crear | Villager (Male) |
| 7:53 | Crear | Villager (Male) |
| 8:43 | Crear | Villager (Male) |
| 9:10 | Crear | Villager (Male) |
| 9:32 | Construir | Mill |
| 9:53 | Construir | Lumber Camp |
| 9:57 | Crear | Villager (Male) |
| 10:21 | Crear | Villager (Male) |
| 10:45 | Crear | Villager (Male) |
| 11:08 | Investigar | Feudal Age |
| 12:06 | Construir | Mining Camp |
| 12:44 | Construir | House |
| 12:45 | Construir | House |
| 12:46 | Construir | House |
| 13:35 | Edad | Edad Feudal |
| 13:53 | Investigar | Castle Age |
| 14:36 | Investigar | Stone Mining |
| 14:58 | Construir | Farm |
| 14:58 | Construir | Farm |
| 14:59 | Construir | Farm |
| 14:59 | Construir | Farm |
| 14:59 | Construir | Farm |
| 15:05 | Investigar | Double-Bit Axe |
| 15:45 | Construir | Farm |
| 16:08 | Construir | Farm |
| 16:33 | Edad | Edad de los Castillos |
| 16:52 | Construir | Castle |
| 17:05 | Investigar | Town Watch |
| 17:13 | Investigar | Horse Collar |
| 17:27 | Construir | Market |
| 17:59 | Crear | Villager (Male) |
| 18:15 | Crear | Ballista Elephant |
| 18:28 | Crear | Ballista Elephant |
| 18:36 | Construir | Farm |
| 18:37 | Construir | Farm |
| 18:37 | Construir | Farm |
| 18:38 | Crear | Villager (Male) |
| 18:39 | Crear | Villager (Male) |
| 19:16 | Crear | Ballista Elephant |
| 19:42 | Crear | Ballista Elephant |
| 19:59 | Crear | Ballista Elephant |
| 20:37 | Investigar | Wheelbarrow |
| 20:54 | Crear | Ballista Elephant |
| 21:13 | Crear | Ballista Elephant |
| 22:49 | Crear | Ballista Elephant |
| 22:49 | Crear | Ballista Elephant |
| 24:16 | Crear | Ballista Elephant |
| 24:47 | Crear | Ballista Elephant |
| 24:48 | Crear | Ballista Elephant |
| 24:57 | Crear | Ballista Elephant |
| 25:01 | Crear | Villager (Male) |
| 25:01 | Crear | Villager (Male) |
| 25:01 | Crear | Villager (Male) |
| 25:11 | Crear | Villager (Male) |
| 25:11 | Crear | Villager (Male) |
| 25:18 | Investigar | Bow Saw |
| 25:51 | Construir | Farm |
| 26:19 | Crear | Ballista Elephant |
| 26:19 | Crear | Ballista Elephant |
| 26:47 | Construir | Castle |
| 28:02 | Construir | Farm |
| 28:03 | Construir | Farm |
| 28:04 | Crear | Villager (Male) |
| 28:04 | Crear | Villager (Male) |
| 28:05 | Crear | Villager (Male) |
| 28:33 | Construir | Gate |
| 28:40 | Crear | Villager (Male) |
| 29:01 | Crear | Villager (Male) |
| 29:11 | Crear | Villager (Male) |
| 29:23 | Crear | Villager (Male) |
| 29:36 | Crear | Ballista Elephant |
| 29:52 | Construir | Town Center |
| 29:59 | Crear | Villager (Male) |
| 29:59 | Crear | Villager (Male) |
| 30:24 | Crear | Villager (Male) |
| 30:46 | Construir | Farm |
| 30:48 | Crear | Villager (Male) |
| 31:03 | Crear | Villager (Male) |
| 31:21 | Crear | Villager (Male) |
| 31:26 | Crear | Villager (Male) |
| 31:26 | Crear | Villager (Male) |
| 31:27 | Crear | Villager (Male) |
| 31:58 | Crear | Ballista Elephant |
| 32:33 | Crear | Villager (Male) |
| 33:04 | Crear | Villager (Male) |
| 33:04 | Crear | Villager (Male) |
| 33:17 | Construir | Gate |
| 33:26 | Construir | Stone Wall |
| 33:55 | Crear | Villager (Male) |
| 33:55 | Crear | Villager (Male) |
| 35:03 | Construir | Stone Wall |
| 35:05 | Construir | Stone Wall |
| 35:07 | Construir | Stone Wall |
| 35:16 | Crear | Villager (Male) |
| 35:16 | Crear | Villager (Male) |
| 35:43 | Construir | Town Center |
| 35:46 | Crear | Villager (Male) |
| 35:46 | Crear | Villager (Male) |
Build order — [ECU] fUnebrero92
Primeras 150 de 427 acciones detectadas
| 0:00 | Crear | Villager (Male) |
| 0:00 | Crear | Villager (Male) |
| 0:01 | Crear | Villager (Male) |
| 0:01 | Crear | Villager (Male) |
| 0:01 | Crear | Villager (Male) |
| 0:03 | Construir | House |
| 0:05 | Construir | House |
| 1:25 | Crear | Villager (Male) |
| 1:51 | Construir | Lumber Camp |
| 2:04 | Crear | Villager (Male) |
| 2:05 | Crear | Villager (Male) |
| 2:05 | Crear | Villager (Male) |
| 2:27 | Crear | Villager (Male) |
| 2:28 | Crear | Villager (Male) |
| 2:28 | Crear | Villager (Male) |
| 2:46 | Crear | Villager (Male) |
| 2:46 | Crear | Villager (Male) |
| 3:09 | Crear | Villager (Male) |
| 3:26 | Construir | House |
| 3:27 | Construir | House |
| 3:50 | Crear | Villager (Male) |
| 3:50 | Crear | Villager (Male) |
| 3:51 | Crear | Villager (Male) |
| 3:51 | Crear | Villager (Male) |
| 4:35 | Construir | Mill |
| 4:57 | Crear | Villager (Male) |
| 4:58 | Crear | Villager (Male) |
| 4:58 | Crear | Villager (Male) |
| 4:58 | Crear | Villager (Male) |
| 5:43 | Crear | Villager (Male) |
| 5:43 | Crear | Villager (Male) |
| 5:43 | Crear | Villager (Male) |
| 5:44 | Crear | Villager (Male) |
| 5:44 | Crear | Villager (Male) |
| 6:24 | Crear | Villager (Male) |
| 6:24 | Crear | Villager (Male) |
| 6:24 | Crear | Villager (Male) |
| 7:03 | Crear | Villager (Male) |
| 7:04 | Crear | Villager (Male) |
| 8:36 | Crear | Villager (Male) |
| 8:58 | Investigar | Feudal Age |
| 9:43 | Construir | House |
| 9:44 | Construir | House |
| 10:01 | Construir | Mining Camp |
| 10:22 | Construir | Lumber Camp |
| 10:38 | Crear | Villager (Male) |
| 10:39 | Crear | Villager (Male) |
| 10:39 | Crear | Villager (Male) |
| 11:17 | Edad | Edad Feudal |
| 11:27 | Construir | Market |
| 11:35 | Construir | Blacksmith |
| 11:53 | Construir | Farm |
| 12:00 | Construir | Farm |
| 12:05 | Construir | Farm |
| 12:33 | Construir | Farm |
| 12:34 | Construir | Farm |
| 12:40 | Investigar | Loom |
| 12:44 | Construir | Farm |
| 13:03 | Investigar | Castle Age |
| 13:58 | Investigar | Double-Bit Axe |
| 14:52 | Crear | Villager (Male) |
| 14:52 | Crear | Villager (Male) |
| 14:53 | Crear | Villager (Male) |
| 15:44 | Edad | Edad de los Castillos |
| 15:49 | Construir | Town Center |
| 15:56 | Construir | Town Center |
| 16:37 | Crear | Villager (Male) |
| 16:38 | Crear | Villager (Male) |
| 16:38 | Crear | Villager (Male) |
| 16:38 | Crear | Villager (Male) |
| 16:41 | Construir | Farm |
| 16:43 | Construir | Farm |
| 16:46 | Construir | Farm |
| 16:47 | Construir | Farm |
| 16:49 | Construir | Farm |
| 16:52 | Construir | Farm |
| 16:55 | Crear | Villager (Male) |
| 16:55 | Crear | Villager (Male) |
| 17:40 | Construir | Farm |
| 17:46 | Crear | Villager (Male) |
| 17:46 | Crear | Villager (Male) |
| 17:46 | Crear | Villager (Male) |
| 17:46 | Crear | Villager (Male) |
| 17:47 | Crear | Villager (Male) |
| 18:20 | Crear | Villager (Male) |
| 18:20 | Crear | Villager (Male) |
| 18:21 | Crear | Villager (Male) |
| 18:21 | Crear | Villager (Male) |
| 18:31 | Construir | Farm |
| 18:33 | Construir | Farm |
| 18:39 | Construir | Farm |
| 18:39 | Construir | Farm |
| 18:41 | Construir | Farm |
| 18:42 | Construir | Farm |
| 18:45 | Crear | Villager (Male) |
| 18:46 | Crear | Villager (Male) |
| 18:46 | Crear | Villager (Male) |
| 18:46 | Crear | Villager (Male) |
| 18:46 | Crear | Villager (Male) |
| 18:59 | Construir | Farm |
| 19:02 | Construir | Farm |
| 19:06 | Construir | Farm |
| 19:10 | Construir | Farm |
| 19:21 | Construir | Town Center |
| 19:23 | Crear | Villager (Male) |
| 19:23 | Crear | Villager (Male) |
| 19:24 | Crear | Villager (Male) |
| 19:24 | Crear | Villager (Male) |
| 19:24 | Crear | Villager (Male) |
| 19:24 | Crear | Villager (Male) |
| 19:37 | Construir | Farm |
| 19:40 | Construir | Farm |
| 19:43 | Construir | Farm |
| 19:48 | Construir | Farm |
| 20:08 | Construir | House |
| 20:16 | Construir | House |
| 20:17 | Construir | House |
| 20:18 | Construir | House |
| 20:19 | Construir | House |
| 20:23 | Investigar | Wheelbarrow |
| 20:28 | Investigar | Town Watch |
| 20:59 | Crear | Villager (Male) |
| 20:59 | Crear | Villager (Male) |
| 21:01 | Crear | Villager (Male) |
| 21:01 | Crear | Villager (Male) |
| 21:06 | Crear | Villager (Male) |
| 21:07 | Crear | Villager (Male) |
| 21:13 | Construir | Barracks |
| 21:50 | Crear | Villager (Male) |
| 21:51 | Crear | Villager (Male) |
| 21:51 | Crear | Villager (Male) |
| 21:51 | Crear | Villager (Male) |
| 21:51 | Crear | Villager (Male) |
| 21:52 | Crear | Villager (Male) |
| 21:52 | Crear | Villager (Male) |
| 22:12 | Investigar | Scale Barding Armor |
| 22:17 | Construir | Stable |
| 22:20 | Construir | Stable |
| 22:22 | Construir | Stable |
| 22:42 | Construir | House |
| 22:45 | Construir | House |
| 22:47 | Construir | House |
| 22:48 | Construir | House |
| 22:50 | Construir | House |
| 23:01 | Crear | Knight |
| 23:01 | Crear | Knight |
| 23:10 | Investigar | Chain Barding Armor |
| 23:11 | Investigar | Forging |
| 23:20 | Construir | Farm |
| 23:22 | Construir | Farm |
Build order — simirfan
Primeras 150 de 232 acciones detectadas
| 0:02 | Crear | Villager (Male) ×4 |
| 0:05 | Construir | House |
| 0:08 | Construir | House |
| 1:47 | Crear | Villager (Male) |
| 1:47 | Crear | Villager (Male) |
| 1:52 | Construir | Lumber Camp |
| 2:08 | Crear | Villager (Male) |
| 2:28 | Crear | Villager (Male) |
| 3:00 | Crear | Villager (Male) |
| 3:38 | Crear | Villager (Male) |
| 4:00 | Crear | Villager (Male) |
| 4:08 | Construir | Mill |
| 4:19 | Construir | House |
| 4:25 | Construir | House |
| 4:35 | Crear | Villager (Male) ×2 |
| 5:16 | Crear | Villager (Male) |
| 5:39 | Crear | Villager (Male) |
| 6:08 | Crear | Villager (Male) |
| 6:23 | Construir | Barracks |
| 6:54 | Crear | Villager (Male) |
| 6:54 | Crear | Villager (Male) |
| 7:12 | Crear | Villager (Male) |
| 7:38 | Crear | Villager (Male) |
| 8:04 | Construir | Palisade Gate |
| 8:14 | Construir | Palisade Wall |
| 8:22 | Construir | House |
| 8:25 | Crear | Villager (Male) |
| 9:05 | Crear | Villager (Male) |
| 9:06 | Crear | Villager (Male) |
| 9:46 | Construir | Mill |
| 9:57 | Crear | Villager (Male) |
| 9:59 | Construir | Mining Camp |
| 10:05 | Crear | Villager (Male) |
| 10:06 | Investigar | Feudal Age |
| 10:07 | Investigar | Loom |
| 10:36 | Construir | Palisade Wall |
| 10:49 | Crear | Militia |
| 10:57 | Construir | House |
| 10:59 | Construir | House |
| 11:10 | Construir | Farm |
| 11:11 | Construir | Farm |
| 11:12 | Construir | Farm |
| 11:12 | Construir | Farm |
| 11:23 | Crear | Villager (Male) |
| 11:23 | Crear | Villager (Male) |
| 11:43 | Crear | Militia |
| 12:06 | Crear | Villager (Male) |
| 12:35 | Crear | Militia |
| 12:37 | Crear | Militia |
| 12:57 | Edad | Edad Feudal |
| 13:03 | Investigar | Double-Bit Axe |
| 13:13 | Construir | Market |
| 13:21 | Construir | Blacksmith |
| 13:29 | Crear | Villager (Male) |
| 14:03 | Construir | Stone Wall |
| 14:07 | Construir | Stone Wall |
| 14:09 | Construir | Stone Wall |
| 14:48 | Crear | Villager (Male) |
| 14:56 | Investigar | Horse Collar |
| 15:00 | Crear | Villager (Male) |
| 15:06 | Construir | Farm |
| 15:07 | Construir | Farm |
| 15:07 | Construir | Farm |
| 15:07 | Construir | Farm |
| 15:07 | Construir | Farm |
| 15:08 | Construir | Farm |
| 15:24 | Investigar | Man-at-Arms (upgrade) |
| 15:25 | Investigar | Arson |
| 15:28 | Crear | Militia |
| 15:46 | Construir | Gate |
| 15:52 | Construir | Stone Wall |
| 16:02 | Crear | Militia |
| 16:09 | Crear | Militia |
| 16:09 | Crear | Spearman |
| 16:19 | Crear | Spearman |
| 16:26 | Construir | Barracks |
| 16:47 | Construir | Stable |
| 17:02 | Crear | Militia ×5 |
| 17:31 | Crear | Spearman ×4 |
| 18:47 | Construir | Stone Wall |
| 18:59 | Construir | House |
| 19:01 | Construir | House |
| 19:02 | Construir | House |
| 19:03 | Construir | House |
| 19:10 | Crear | Villager (Male) |
| 19:10 | Crear | Villager (Male) |
| 19:10 | Crear | Villager (Male) |
| 19:15 | Construir | Farm |
| 19:15 | Construir | Farm |
| 19:16 | Construir | Farm |
| 19:16 | Construir | Farm |
| 19:22 | Crear | Scout Cavalry ×2 |
| 19:49 | Crear | Militia ×2 |
| 20:33 | Construir | Gate |
| 20:38 | Construir | Stone Wall |
| 21:06 | Construir | Farm |
| 21:08 | Crear | Villager (Male) |
| 21:08 | Crear | Villager (Male) |
| 21:17 | Construir | House |
| 21:19 | Construir | House |
| 21:20 | Construir | House |
| 22:26 | Construir | Stone Wall |
| 22:30 | Construir | House |
| 22:32 | Construir | House |
| 22:33 | Construir | House |
| 22:34 | Construir | House |
| 23:02 | Construir | Farm |
| 24:30 | Construir | Mining Camp |
| 24:33 | Investigar | Castle Age |
| 24:39 | Construir | Stable |
| 24:41 | Construir | Stable |
| 25:07 | Crear | Trade Cart ×2 |
| 25:27 | Investigar | Gold Mining |
| 25:27 | Investigar | Stone Mining |
| 25:44 | Crear | Scout Cavalry ×2 |
| 25:53 | Crear | Villager (Male) |
| 26:01 | Crear | Trade Cart |
| 26:30 | Crear | Trade Cart |
| 26:51 | Crear | Scout Cavalry |
| 26:52 | Crear | Scout Cavalry |
| 27:09 | Investigar | Scale Mail Armor |
| 27:13 | Edad | Edad de los Castillos |
| 27:27 | Construir | Town Center |
| 27:40 | Construir | Town Center |
| 27:45 | Crear | Trade Cart |
| 27:48 | Investigar | Heavy Plow |
| 27:52 | Construir | Farm |
| 27:53 | Construir | Farm |
| 27:53 | Construir | Farm |
| 27:53 | Construir | Farm |
| 27:54 | Construir | Farm |
| 27:54 | Construir | Farm |
| 27:54 | Construir | Farm |
| 27:54 | Construir | Farm |
| 27:56 | Construir | Farm |
| 27:56 | Construir | Farm |
| 27:56 | Construir | Farm |
| 27:57 | Construir | Farm |
| 27:57 | Construir | Farm |
| 27:57 | Construir | Farm |
| 28:00 | Crear | Villager (Male) ×2 |
| 28:17 | Crear | Knight |
| 28:28 | Crear | Villager (Male) |
| 28:41 | Construir | Archery Range |
| 28:49 | Construir | Farm |
| 28:50 | Construir | Farm |
| 28:52 | Crear | Villager (Male) ×2 |
| 28:59 | Crear | Villager (Male) |
| 29:14 | Crear | Knight |
| 29:22 | Crear | Villager (Male) |
Cronología de la partida
| 6:23 | simirfan · first_building Barracks |
| 8:14 | simirfan · wall_segment Palisade Wall x17 |
| 10:36 | simirfan · wall_segment Palisade Wall x13 |
| 10:37 | Gushy · age_up feudal |
| 10:49 | spectro · first_building Barracks |
| 11:02 | spectro · age_up feudal |
| 11:17 | [ECU] fUnebrero92 · age_up feudal |
| 11:50 | spectro · first_building Archery Range |
| 12:13 | Geosim · age_up feudal |
| 12:57 | simirfan · age_up feudal |
| 13:02 | [ECU] fUnebrero92 · first_market_sell 100 wood |
| 13:19 | Geosim · first_building Barracks |
| 13:35 | M.S. · age_up feudal |
| 14:03 | simirfan · wall_segment Stone Wall x7 |
| 14:07 | simirfan · wall_segment Stone Wall x2 |
| 14:09 | simirfan · wall_segment Stone Wall x9 |
| 14:23 | Geosim · first_building Stable |
| 14:40 | Gushy · age_up castle |
| 15:44 | [ECU] fUnebrero92 · age_up castle |
| 15:52 | simirfan · wall_segment Stone Wall x2 |
| 16:08 | Geosim · age_up castle |
| 16:22 | spectro · age_up castle |
| 16:33 | M.S. · age_up castle |
| 16:47 | simirfan · first_building Stable |
| 16:52 | M.S. · first_building Castle |
| 17:38 | Gushy · wall_segment Palisade Wall x1 |
| 17:39 | Gushy · wall_segment Palisade Wall x1 |
| 17:40 | Gushy · wall_segment Palisade Wall x1 |
| 17:42 | Gushy · wall_segment Palisade Wall x1 |
| 18:06 | Gushy · first_building Castle |
| 18:11 | Gushy · wall_segment Palisade Wall x1 |
| 18:13 | Gushy · wall_segment Palisade Wall x1 |
| 18:13 | M.S. · first_market_buy 100 food |
| 18:14 | Gushy · wall_segment Palisade Wall x1 |
| 18:47 | simirfan · wall_segment Stone Wall x14 |
| 19:15 | [ECU] fUnebrero92 · first_market_buy 100 stone |
| 19:44 | Gushy · wall_segment Palisade Wall x1 |
| 19:47 | Gushy · wall_segment Palisade Wall x1 |
| 19:49 | Gushy · wall_segment Palisade Wall x1 |
| 19:49 | M.S. · first_market_sell 100 wood |
| 20:03 | Gushy · wall_segment Palisade Wall x1 |
| 20:25 | simirfan · first_market_buy 100 stone |
| 20:27 | spectro · first_building Siege Workshop |
| 20:27 | Geosim · first_market_buy 100 food |
| 20:38 | simirfan · wall_segment Stone Wall x8 |
| 21:13 | [ECU] fUnebrero92 · first_building Barracks |
| 21:55 | Gushy · wall_segment Palisade Wall x1 |
| 21:58 | Geosim · first_market_sell 100 wood |
| 22:11 | spectro · first_building Monastery |
| 22:17 | [ECU] fUnebrero92 · first_building Stable |
| 22:20 | Gushy · wall_segment Palisade Wall x1 |
| 22:26 | simirfan · wall_segment Stone Wall x5 |
| 24:23 | Gushy · wall_segment Palisade Wall x1 |
| 24:26 | spectro · wall_segment Palisade Wall x1 |
| 26:13 | simirfan · first_market_sell 100 wood |
| 27:13 | simirfan · age_up castle |
| 28:14 | spectro · wall_segment Palisade Wall x1 |
| 28:41 | simirfan · first_building Archery Range |
| 29:11 | Gushy · first_market_buy 100 wood |
| 29:15 | Gushy · first_building Siege Workshop |
| 29:43 | Geosim · first_building Monastery |
| 29:48 | Geosim · first_building Archery Range |
| 32:18 | [ECU] fUnebrero92 · first_building Castle |
| 33:20 | Gushy · first_building Barracks |
| 33:26 | M.S. · wall_segment Stone Wall x10 |
| 34:12 | simirfan · first_building Castle |
| 34:17 | Gushy · first_building Stable |
| 35:03 | M.S. · wall_segment Stone Wall x2 |
| 35:05 | M.S. · wall_segment Stone Wall x3 |
| 35:07 | M.S. · wall_segment Stone Wall x8 |
| 35:18 | Gushy · wall_segment Palisade Wall x1 |
| 35:50 | spectro · first_building Castle |
| 35:58 | simirfan · first_building Siege Workshop |
| 36:31 | Geosim · first_building Castle |
| 37:56 | spectro · age_up imperial |
| 39:16 | [ECU] fUnebrero92 · age_up imperial |
| 40:18 | simirfan · wall_segment Stone Wall x37 |
| 40:44 | Geosim · first_building Siege Workshop |
| 42:30 | M.S. · first_building Stable |
| 42:39 | Gushy · first_market_sell 100 stone |
| 42:55 | Geosim · age_up imperial |
| 43:02 | simirfan · age_up imperial |
| 44:53 | Geosim · resign |
[ ANÁLISIS IA · 1 CRÉDITO ]
¿Qué pasó realmente en esta partida?
Wolo.gg analiza cada decisión: build order, eco, micro, errores típicos por bracket. Análisis personalizado por WhatsApp o Discord en 30 segundos.
Guía civ
Mongoles
Perfil
Jugador #596177